Map: Красное смещение РВ

Players

Murena - Winner!

  • Race: Terran Terran
  • Spawn Location: 11:00

ИИ 1 (эксперт)

  • Race: Protoss Protoss
  • Spawn Location: 7:00

VOD

Have the link to the VOD?

Description

Time

  • Played on: March 31, 2019, 6:57 a.m.
  • Length: 12:44
Show
View Real Time Build Order
Export as new Build Order

Murena Terran - Winner!

Build Orders:  

Get SALT Encoding   

  12  0:01  SCV  
  13  0:14  SCV  
  14  0:20  Supply Depot  
  14  0:26  SCV  
  15  0:42  Barracks  
  15  0:46  SCV  
  16  0:59  SCV  
  17  1:15  Command Center  
  17  1:16  SCV  
  18  1:28  Marine  
  18  1:31  SCV  
  18  1:32  Refinery  
  20  1:37  Supply Depot  
  20  1:43  SCV  
  21  1:47  Marine  
  22  1:56  SCV  
  23  2:01  Refinery  
  23  2:05  Marine  
  24  2:08  Orbital Command  
  24  2:23  Marine  
  24  2:27  Orbital Command  
  25  2:34  SCV  
  25  2:36  Bunker  
  26  2:44  Marine, Factory  
  27  2:49  SCV  
  28  2:53  SCV  
  29  3:02  Marine  
  29  3:03  SCV  
  31  3:06  SCV  
  31  3:09  Refinery  
  32  3:17  Supply Depot, SCV  
  33  3:20  Barracks Reactor  
  33  3:22  SCV  
  34  3:29  Factory Tech Lab, Starport  
  34  3:30  SCV  
  35  3:36  SCV  
  36  3:43  Factory, SCV  
  37  3:51  Armory, SCV  
  38  3:55  SCV  
  38  3:57  Marine x2  
  38  4:00  Supply Depot  
  41  4:05  SCV  
  41  4:07  Starport  
  41  4:09  SCV  
  43  4:11  Refinery  
  43  4:12  Starport Tech Lab  
  43  4:18  Marine x2  
  43  4:20  SCV  
  46  4:25  Supply Depot, SCV  
  46  4:27  Factory Tech Lab  
  47  4:33  SCV  
  48  4:38  Thor  
  48  4:40  SCV  
  48  4:44  Starport Tech Lab  
  55  4:47  SCV  
  55  4:52  Fusion Core  
  56  4:53  SCV  
  56  4:59  Supply Depot  
  57  5:00  SCV  
  57  5:06  Thor  
  64  5:07  SCV  
  64  5:12  Marine, Supply Depot  
  64  5:13  Marine  
  67  5:15  SCV  
  67  5:20  SCV  
  69  5:34  SCV  
  69  5:35  SCV  
  71  5:39  Battlecruiser  
  79  5:52  SCV x2  
  79  5:56  Supply Depot  
  81  5:57  Supply Depot  
  81  6:00  Battlecruiser  
  85  6:06  Supply Depot  
  85  6:10  Supply Depot  
  85  6:13  Engineering Bay  
  85  6:14  Barracks  
  85  6:16  Engineering Bay  
  85  6:21  Starport, SCV x2  
  85  6:24  Marine x2  
  89  6:28  Thor  
  95  6:40  Thor  
  95  6:43  SCV x2  
  103  6:50  Missile Turret x2  
  103  6:55  Marine x2  
  103  6:57  SCV x2  
  103  6:59  Terran Infantry Weapons Level 1  
  103  7:00  Terran Infantry Armor Level 1  
  107  7:01  Barracks Tech Lab  
  107  7:14  Marine x2  
Show
View Real Time Build Order
Export as new Build Order

ИИ 1 (эксперт) Protoss 

Build Orders: Colossus Rush 

Get SALT Encoding   

  12  0:00  Probe  
  13  0:13  Probe  
  14  0:20  Pylon  
  14  0:25  Probe  
  15  0:34  Probe  
  15  0:42  Probe  
  16  0:47  Assimilator  
  17  0:50  Gateway  
  17  0:52  Probe  
  18  1:00  Probe  
  18  1:01  Pylon  
  19  1:08  Probe  
  20  1:18  Probe  
  21  1:30  Probe  
  22  1:38  Zealot  
  24  1:41  Cybernetics Core  
  24  1:42  Probe  
  25  1:58  Probe  
  25  1:59  Nexus  
  26  2:06  Probe  
  26  2:07  Warp Gate  
  26  2:14  Probe  
  27  2:17  Stalker  
  30  2:24  Pylon  
  30  2:26  Probe  
  31  2:36  Gateway  
  31  2:39  Assimilator  
  31  2:42  Probe  
  32  2:47  Adept  
  34  2:54  Pylon  
  34  2:56  Probe  
  35  3:07  Probe  
  35  3:08  Probe  
  37  3:17  Adept  
  39  3:20  Probe  
  39  3:21  Robotics Facility  
  39  3:25  Adept  
  42  3:27  Probe  
  42  3:32  Probe  
  44  3:39  Probe  
  45  3:44  Probe  
  45  3:46  Adept  
  48  3:51  Probe  
  49  3:56  Probe  
  50  4:02  Adept  
  50  4:03  Probe  
  50  4:08  Probe  
  54  4:11  Probe, Pylon  
  54  4:12  Robotics Bay  
  54  4:14  Observer  
  56  4:19  Probe  
  56  4:20  Probe  
  56  4:22  Robotics Facility  
  56  4:23  Adept  
  60  4:28  Pylon  
  60  4:29  Stalker  
  62  4:38  Probe, Pylon  
  63  4:39  Probe  
  63  4:43  Stalker  
  66  4:59  Gateway  
  66  5:09  Zealot  
  66  5:12  Zealot, Pylon  
  66  5:13  Colossus  
  76  5:20  Pylon  
  76  5:25  Zealot  
  76  5:27  Zealot  
  80  5:45  Probe x2, Sentry, Stalker  
  80  5:46  Assimilator  
  86  6:00  Nexus  
  86  6:02  Forge  
  86  6:04  Assimilator  
  86  6:06  Twilight Council  
  86  6:08  Probe, Forge  
  87  6:23  Probe  
  87  6:26  Pylon  
  87  6:27  Probe  
  87  6:31  Probe  
  89  6:39  Gateway  
  90  6:45  Zealot x3, Templar Archives  
  96  6:47  Pylon  
  96  6:58  Photon Cannon  
  96  7:02  Pylon  
  96  7:05  Zealot x2, Stalker  
  102  7:13  Probe x3  
  102  7:15  Colossus  
  105  7:21  Probe  
  105  7:23  Zealot  
  105  7:25  Assimilator x2, Zealot, Probe, High Templar  
  105  7:26  Probe  
  105  7:27  Immortal  
  105  7:29  Probe, Pylon  
  118  7:33  Sentry  
  118  7:36  Immortal  
  125  7:37  Probe  
  125  7:38  Zealot, Probe  
  125  7:39  Zealot  
  125  7:40  Probe  
  132  7:49  Probe  
  133  7:52  Probe  
  133  7:53  Probe, Pylon  
  133  7:56  Zealot, Stalker  
  133  7:57  High Templar  
  141  7:58  Stalker  
  141  8:01  Probe  
  141  8:04  Probe  
  141  8:05  Probe  
  141  8:06  Immortal  
  124  8:13  Probe  
  124  8:14  Probe  
  124  8:16  Zealot, Probe  
  124  8:19  High Templar  
  103  8:22  Zealot  
  101  8:29  Zealot  
  97  8:36  Stalker  
  93  8:42  Zealot, Adept  
  97  8:50  Probe  
  97  8:51  Probe, Stalker  
  95  8:59  High Templar, Sentry  
  95  9:02  Zealot  
  85  9:13  Nexus  
  85  9:14  High Templar  
  85  9:20  Probe  
  85  9:22  Adept, Sentry  
  82  9:32  Stalker  
  75  9:42  High Templar  
  67  9:45  Adept  
  57  9:56  High Templar  
  47  10:10  Zealot  
  42  10:31  High Templar  
  42  10:34  Nexus  
  21  11:05  High Templar  
  23  11:17  Probe  
  21  11:25  Pylon  
  21  11:29  Probe  
Tags
 
Add a new tag
Caveats
  • Supply blocks, unpowered buildings, or Contaminate may cause inaccurate times.
  • Supply counts are checked every 10 seconds.